 Dungeon Crawl Stone Soup version 0.22.1-1-ga44c0e56f4 (webtiles) character file.

114 Nixze the Magician (level 4, -4/24 HPs)
             Began as a Deep Elf Ice Elementalist on Nov 1, 2018.
             Killed by nerve-wracking pain
             ... invoked by Jessica
              (9 damage)
             ... on level 3 of the Dungeon.
             The game lasted 00:04:29 (2395 turns).

Nixze the Magician (Deep Elf Ice Elementalist)      Turns: 2395, Time: 00:04:30

Health: -4/24      AC:  8    Str:  5    XL:     4   Next: 67%
Magic:  7/13       EV: 13    Int: 21    God:
Gold:   191        SH:  0    Dex: 15    Spells: 9/13 levels left

rFire    + . .     SeeInvis .   e - +0 whip
rCold    . . .     Gourm    .   (no shield)
rNeg     . . .     Faith    .   a - +0 robe
rPois    .         Spirit   .   (no helmet)
rElec    .         Reflect  .   (no cloak)
rCorr    .         Harm     .   (no gloves)
MR       .....                  (no boots)
Stlth    ++........             (no amulet)
HPRegen  0.08/turn              g - ring of protection from fire
MPRegen  0.13/turn              (no ring)

@: lethally poisoned (-4 -> -12), icy armour
A: no striking features
a: no special abilities


You were on level 3 of the Dungeon.
You were not hungry.

You visited 1 branch of the dungeon, and saw 3 of its levels.

You collected 191 gold pieces.

Inventory:

Hand Weapons
 e - a +0 whip (weapon)
Armour
 a - a +0 robe (worn)
Jewellery
 g - a ring of protection from fire (left hand)
 m - an uncursed ring of fire {unknown}
Scrolls
 b - 3 scrolls of identify {unknown}
 d - a scroll of fear {unknown}
 h - a scroll of teleportation {unknown}
 i - 3 scrolls of immolation {unknown}
 k - 2 scrolls of blinking {unknown}
 n - 2 scrolls of enchant armour {unknown}
Potions
 f - 2 potions of curing {unknown}
 j - a potion of lignification {unknown}
 l - a potion of berserk rage {unknown}
Comestibles
 c - 5 rations
 o - a chunk of flesh


   Skills:
 - Level 2.4 Dodging
 - Level 2.4 Stealth
 + Level 5.1 Spellcasting
   Level 1.1 Conjurations
 + Level 4.8 Ice Magic


You had 9 spell levels left.
You knew the following spells:

 Your Spells              Type           Power        Failure   Level  Hunger
a - Freeze                Ice            ####         1%          1    None
b - Ozocubu's Armour      Chrm/Ice       ###.....     12%         3    ##.....

Your spell library contained the following spells:

 Spells                   Type           Power        Failure   Level  Hunger
 Throw Frost              Conj/Ice       ###...       4%          2    None
 Throw Icicle             Conj/Ice       ###.....     30%         4    ####...
 Summon Ice Beast         Ice/Summ       ###.....     36%         4    ####...


Dungeon Overview and Level Annotations

Branches:
Dungeon (3/15)

Altars:

Annotations:
D:3 Jessica


Message History

You feel sick.
The kobold unwields an uncursed blowgun.
The kobold closely misses you.
Casting: Freeze (safe; 1% risk of failure)
Confirm with . or Enter, or press ? or * to list all spells.
Aiming: Freeze (safe; 1% risk of failure)
Press: ? - help, Shift-Dir - straight line, f - kobold
Aim: a kobold You freeze the kobold.
You kill the kobold!
* * * LOW HITPOINT WARNING * * *
You feel sick.
Casting: Freeze (safe; 1% risk of failure)
Confirm with . or Enter, or press ? or * to list all spells.
A film of ice covers your body!
* * * LOW HITPOINT WARNING * * *
You feel sick.
Jessica points at you and mumbles some strange words.
Pain shoots through your body!
You die...

######.#.#
#........ #
#....... #.
#......
#.##.....
##.!@.... #
#.....).####.##
#...@.......
###.(.....##
#..##...#
#.#.##.(#
...##..
#.......##....(.
###.##..†...###
.. #.##...# ##
#. #...# #.
#...#


You could see Jessica.

Vanquished Creatures
  An orc wizard (D:2)
  A worm (D:2)
  3 dart slugs
  A leopard gecko (D:3)
  11 orcs
  4 giant cockroaches (D:2)
  10 goblins
  3 hobgoblins (D:1)
  4 jackals (D:1)
  A quokka (D:3)
  5 bats
  3 frilled lizards (D:1)
  8 kobolds
  8 rats
63 creatures vanquished.

Notes
Turn   | Place    | Note
-------+----------+-------------------------------------------
     0 | D:1      | Nixze the Deep Elf Ice Elementalist began the quest for the
                  | Orb.
     0 | D:1      | Reached XP level 1. HP: 10/10 MP: 6/6
   229 | D:1      | Reached XP level 2. HP: 14/15 MP: 0/8
   548 | D:1      | Reached skill level 4 in Spellcasting
   878 | D:1      | Reached XP level 3. HP: 19/19 MP: 8/10
  1414 | D:1      | Learned a level 3 spell: Ozocubu's Armour
  1600 | D:2      | Reached XP level 4. HP: 24/24 MP: 3/12
  1713 | D:2      | Reached skill level 5 in Spellcasting
  2390 | D:3      | Noticed Jessica
  2395 | D:3      | Killed from afar by Jessica

Skill      XL: |  1  2  3  4 |
---------------+-------------+-----
Spellcasting   | 4 5 |  5.1
Ice Magic      | 4 |  4.8
Dodging        | |  2.4
Stealth        | |  2.4
Conjurations   | |  1.1

Action                   |  1- 3 |  4- 6 || total
-------------------------+-------+-------++-------
Melee: Unarmed           |     2 |       ||     2
       Whip              |     5 |     1 ||     6
 Cast: Freeze            |    63 |    27 ||    90
       Ozocubu's Armour  |     1 |     2 ||     3
  Eat: Chunk             |     2 |     2 ||     4
Armor: Robe              |     7 |     1 ||     8
Dodge: Dodged            |    32 |    17 ||    49
